 Dungeon Crawl Stone Soup version 0.30-a0-996-ga6910c8ee8 (webtiles) character file.

Game seed: 17966222955705733157

2473 croobank the Destroyer (level 9, 0/66 HPs)
             Began as a Gnoll Conjurer on Apr 4, 2023.
             Was a Priest of Vehumet.
             Slain by a death yak (15 damage)
             ... on level 7 of the Dungeon.
             The game lasted 00:24:21 (8133 turns).

croobank the Destroyer (Gnoll Conjurer)             Turns: 8133, Time: 00:24:22

Health: 0/66       AC:  7    Str:  6    XL:     9   Next: 51%
Magic:  0/19       EV: 19    Int: 21    God:    Vehumet [***...]
Gold:   421        SH:  5    Dex: 12    Spells: 10/21 levels left

rFire   . . .      SeeInvis .    M - staff of conjuration
rCold   . . .      Faith    .    (no shield)
rNeg    . . .      Spirit   .    m - +0 robe
rPois   .          Reflect  +    (no helmet)
rElec   .          Rampage  .    K - +0 cloak
rCorr   .                        (no gloves)
Will    .....                    (no boots)
Stlth   +++                      N - amulet of reflection
HPRegen 0.31/turn                L - +4 ring of protection
MPRegen 0.16/turn                y - +5 ring of evasion

@: no status effects
A: fangs 1, strong nose, distributed training
a: Renounce Religion


You were on level 7 of the Dungeon.
You worshipped Vehumet.
Vehumet was most pleased with you.
You visited 1 branch of the dungeon, and saw 8 of its levels.
You also visited: Ossuary.

You collected 421 gold pieces.

Inventory:

Hand Weapons
 a - a +0 dagger
 b - a +0 sling
 x - a +0 trident
 E - a +1 heavy halberd
 F - a +4 whip
 H - a +7 spear
Missiles
 i - 5 curare-tipped darts (quivered)
 l - 2 boomerangs
 G - 9 poisoned darts
Armour
 g - a +0 leather armour
 m - a +0 robe (worn)
 K - a +0 cloak (worn)
Magical Staves
 c - the staff of fire "Tettoi Jesch" {rF+ rC++ Int+6 Dex-2}
   (You acquired it on level 4 of the Dungeon)

   [staff of fire]

   Base accuracy: +5 Base damage: 5 Base attack delay: 1.2 This weapon's minimum
   attack delay (0.6) is reached at skill level 12.
   Int:       It affects your intelligence (+6).
   Dex:       It affects your dexterity (-2).
   rF:        It protects you from fire.
   rC:        It greatly protects you from cold.
   It falls into the 'Staves' category.
   It is a one-handed weapon.
 h - a staff of air
 M - a staff of conjuration (weapon)
Jewellery
 k - a ring of willpower
 y - a +5 ring of evasion (right hand)
 L - a +4 ring of protection (left hand)
 N - an amulet of reflection (around neck)
Wands
 p - a wand of flame (26)
 B - a wand of polymorph (9)
 Q - a wand of mindburst (28)
Scrolls
 j - 2 scrolls of enchant armour
 q - a scroll of noise
 r - a scroll of poison
 A - a scroll of blinking {unknown}
 C - 2 scrolls of immolation {unknown}
 D - 3 scrolls of teleportation
 I - a scroll of fog
 J - a scroll of magic mapping {unknown}
 P - a scroll of vulnerability
Potions
 d - a potion of magic
 e - a potion of haste
 f - 3 potions of might
 n - 12 potions of heal wounds
 o - 5 potions of mutation
 t - 2 potions of invisibility {unknown}
 u - 3 potions of curing {unknown}
 v - 2 potions of flight {unknown}
 z - a potion of ambrosia
 O - a potion of resistance {unknown}


   Skills:
 + Level 4.5 Fighting
 + Level 4.5 Short Blades
 + Level 4.5 Long Blades
 + Level 4.5 Axes
 + Level 4.5 Maces & Flails
 + Level 4.5 Polearms
 + Level 4.5 Staves
 + Level 4.5 Ranged Weapons
 + Level 4.5 Throwing
 + Level 4.5 Armour
 + Level 6.5 Dodging
 + Level 6.2 Stealth
 + Level 4.5 Shields
 + Level 4.5 Unarmed Combat
 + Level 6.8 Spellcasting
 + Level 8.1 Conjurations
 + Level 3.7 Hexes
 + Level 3.7 Summonings
 + Level 3.7 Necromancy
 + Level 3.7 Translocations
 + Level 3.7 Transmutations
 + Level 3.7 Fire Magic
 + Level 3.7 Ice Magic
 + Level 3.7 Air Magic
 + Level 3.7 Earth Magic
 + Level 3.7 Poison Magic
 + Level 4.9 Invocations
 + Level 4.5 Evocations


You had 10 spell levels left.
You knew the following spells:

 Your Spells              Type           Power      Damage    Failure   Level
a - Magic Dart            Conj           100%       1d8       1%          1
b - Searing Ray           Conj           100%       2d8       1%          2
c - Foxfire               Conj/Fire      100%       2x1d9     1%          1
d - Iskenderun's Mystic   Conj/Tloc      48%        2d11      2%          4
e - Ignite Poison         Fire/Tmut/Pois 22%        N/A       1%          3

Your spell library contained the following spells:

 Spells                   Type           Power      Damage    Failure   Level
 Sandblast                Erth           44%        2d11      1%          1
 Slow                     Hex            88%        N/A       1%          1
 Dazzling Flash           Conj/Hex       96%        N/A       1%          3
 Stone Arrow              Conj/Erth      96%        3d13      1%          3
 Fulminant Prism          Conj/Hex       24%        3d12      2%          4
 Passwall                 Tmut/Erth      18%        N/A       3%          2
 Confusing Touch          Hex            22%        N/A       6%          3
 Vampiric Draining        Necr           22%        2d7       6%          3
 Yara's Violent Unravell  Hex/Tmut       11%        3d6       16%         5
 Cause Fear               Hex            11%        N/A       21%         4
 Dragon Form              Tmut           11%        N/A       100%        7
 Enfeeble                 Hex            11%        N/A       100%        7
 Dragon's Call            Summ           11%        N/A       100%        9


Dungeon Overview and Level Annotations

Branches:
Dungeon (8/15)             Temple (0/1) D:4            Lair (0/5) D:8
Ossuary (visited)

Altars:
Ashenzari
Cheibriados
Elyvilon
Vehumet

Shops:
D:2 [

Annotations:
D:3 1 runed translucent door, Crazy Yiuf, Ijyb
D:5 3 runed translucent doors, jimonade's ghost, novice HOFi


Innate Abilities, Weirdness & Mutations

You have very sharp teeth.
Your uncanny sense of smell can sniff out nearby items.
Your experience applies equally to all skills.


Message History

The death yak closely misses you.
The searing ray hits the death yak.
The death yak is almost dead.
The death yak gores you!!
* * * LOW HITPOINT WARNING * * *
Throw: 6 darts (curare)
Press: ? - help, Q - select action, (/) - cycle Shift-Dir - straight line, f/p - death yak
Aim: a death yak (severely wounded, 79% to hit)
You throw a curare-tipped dart.
The curare-tipped dart barely misses the death yak.
You block the death yak's attack. The death yak barely misses you.
Casting: Searing Ray (safe; 1% risk of failure)
Confirm with . or Enter, or press ? or * to list all spells.
You feel a surge of power!
You conjure some foxfire!
The death yak gores you.
* * * LOW HITPOINT WARNING * * *
Casting: Foxfire (safe; 1% risk of failure)
Confirm with . or Enter, or press ? or * to list all spells.
Aiming: Searing Ray (safe; 1% risk of failure)
Press: ? - help, Shift-Dir - straight line, f/p - death yak
Aim: a death yak (severely wounded, ally target, 94% to hit)
You feel a surge of power!
The searing ray hits the death yak.
The death yak is almost dead. (Press . to maintain the ray.)
The foxfire hits the death yak but does no damage.
The death yak is almost dead.
The foxfire hits the death yak but does no damage.
The death yak is almost dead.
The death yak gores you but does no damage.
The searing ray hits the death yak.
The death yak is almost dead.
The death yak closely misses you.
The searing ray hits the death yak but does no damage.
The death yak is almost dead.
The death yak gores you but does no damage.
The searing ray hits the death yak.
The death yak is almost dead.
You finish channelling your searing ray.
The death yak gores you!
You die...

##......#..............
#...................... ####
##.....................
##..######....................
#...##..#...............##..#.
##......................##.....
###...####........##...#...#....#
#......###....##...#...#.........
#..#....#.......@Y(##..#.........
##.##..####........###...........
....#..## #......).###........##.
..####..####........#..#......###
..####..#..#..#.##...........## #
.....#........####....#......####
.....##.....#.##.#...###......##.
#.....#.......##.....###.........
##.................#.............


You could see a death yak.

Vanquished Creatures
  A wyvern (D:7)
  A wraith (D:5)
  A steam dragon (D:7)
  Menkaure (D:5)
  2 water moccasins
  A sky beast (D:7)
  An ogre (D:5)
  2 elf zombies (Ossuary)
  2 kobold brigands (D:6)
  A gnoll sergeant (D:6)
  A bullfrog (D:7)
  3 scorpions
  3 killer bees
  A howler monkey (D:5)
  A human zombie (Ossuary)
  An orc priest (D:8)
  2 hounds (D:6)
  5 sleepcaps
  Jessica (D:3)
  2 iguanas
  6 orc wizards
  3 mummies
  8 gnolls
  6 adders
  4 white imps
  2 ufetubi
  An adder zombie (Ossuary)
  A worm (D:2)
  11 orcs
  5 bats
  3 endoplasms
  4 giant cockroaches
  8 goblins
  5 hobgoblins
  4 quokkas
  10 ball pythons
  A frilled lizard (D:1)
  6 goblin zombies (Ossuary)
  8 hobgoblin zombies (Ossuary)
  A jackal zombie (Ossuary)
  14 kobolds
  9 kobold zombies (Ossuary)
  7 orc zombies (Ossuary)
  A quokka zombie (D:4)
  2 rats
  2 rat zombies
165 creatures vanquished.

Vanquished Creatures (others)
  412 foxfires
  2 fungi (D:5)
  A plant (D:5)
415 creatures vanquished.

Grand Total: 580 creatures vanquished

Notes
Turn   | Place    | Note
-------+----------+-------------------------------------------
     0 | D:1      | croobank the Gnoll Conjurer began the quest for the Orb.
     0 | D:1      | Reached XP level 1. HP: 13/13 MP: 6/6
   217 | D:1      | Reached XP level 2. HP: 19/19 MP: 7/7
   220 | D:1      | Learned a level 2 spell: Searing Ray
   901 | D:1      | Found a faded altar of an unknown god.
  1261 | D:2      | Reached skill level 5 in Spellcasting
  1261 | D:2      | Reached XP level 3. HP: 25/25 MP: 5/9
  1352 | D:2      | Found a radiant altar of Vehumet.
  1364 | D:2      | Became a worshipper of Vehumet
  1745 | D:2      | Found Beilul's Armour Emporium.
  1749 | D:2      | Reached skill level 1 in Invocations
  2165 | D:3      | Reached skill level 1 in Fighting
  2165 | D:3      | Reached skill level 1 in Short Blades
  2165 | D:3      | Reached skill level 1 in Long Blades
  2165 | D:3      | Reached skill level 1 in Axes
  2165 | D:3      | Reached skill level 1 in Maces & Flails
  2165 | D:3      | Reached skill level 1 in Polearms
  2165 | D:3      | Reached skill level 1 in Staves
  2165 | D:3      | Reached skill level 1 in Ranged Weapons
  2165 | D:3      | Reached skill level 1 in Throwing
  2165 | D:3      | Reached skill level 1 in Armour
  2165 | D:3      | Reached skill level 1 in Shields
  2165 | D:3      | Reached skill level 1 in Unarmed Combat
  2165 | D:3      | Reached skill level 1 in Evocations
  2171 | D:3      | Reached XP level 4. HP: 32/32 MP: 7/11
  2384 | D:3      | Reached skill level 1 in Hexes
  2384 | D:3      | Reached skill level 1 in Summonings
  2384 | D:3      | Reached skill level 1 in Necromancy
  2384 | D:3      | Reached skill level 1 in Translocations
  2384 | D:3      | Reached skill level 1 in Transmutations
  2384 | D:3      | Reached skill level 1 in Fire Magic
  2384 | D:3      | Reached skill level 1 in Ice Magic
  2384 | D:3      | Reached skill level 1 in Air Magic
  2384 | D:3      | Reached skill level 1 in Earth Magic
  2384 | D:3      | Reached skill level 1 in Poison Magic
  2477 | D:3      | Reached * piety under Vehumet
  2477 | D:3      | Offered knowledge of Foxfire by Vehumet.
  2544 | D:3      | Learned a level 1 spell: Foxfire
  2676 | D:3      | Found a runed translucent door.
  2677 | D:3      | Noticed Crazy Yiuf
  2679 | D:3      | Noticed Ijyb
  2702 | D:3      | Found a white marble altar of Elyvilon.
  2767 | D:3      | Noticed Jessica
  2772 | D:3      | Killed Jessica
  2773 | D:3      | Reached XP level 5. HP: 37/37 MP: 6/12
  3027 | D:4      | Identified a scroll of acquirement
  3027 | D:4      | Acquired the staff of fire "Tettoi Jesch" {rF+ rC++ Int+6
                  | Dex-2}
  3276 | D:4      | Found a sand-covered staircase.
  3285 | Ossuary  | Entered an ossuary
  3553 | Ossuary  | Reached XP level 6. HP: 22/44 MP: 2/14
  3646 | Ossuary  | Offered knowledge of Shock by Vehumet.
  3648 | Ossuary  | Reached ** piety under Vehumet
  3704 | Ossuary  | Reached skill level 5 in Dodging
  3733 | Ossuary  | HP: 2/44 [human zombie (6)]
  4385 | D:4      | Found a staircase to the Ecumenical Temple.
  4443 | D:5      | Entered Level 5 of the Dungeon
  4666 | D:5      | Reached XP level 7. HP: 41/51 MP: 12/15
  4776 | D:5      | Learned a level 4 spell: Iskenderun's Mystic Blast
  4781 | D:5      | Found a snail-covered altar of Cheibriados.
  4913 | D:5      | Noticed a wraith
  4921 | D:5      | Killed a wraith
  4922 | D:5      | Reached skill level 5 in Stealth
  5099 | D:5      | Found a broken altar of Ashenzari.
  5135 | D:5      | Noticed Menkaure
  5153 | D:5      | Killed Menkaure
  5154 | D:5      | Reached XP level 8. HP: 44/58 MP: 7/16
  5273 | D:5      | Found a runed translucent gate.
  5273 | D:5      | Found a runed translucent gate.
  5273 | D:5      | Noticed jimonade's ghost (novice HOFi)
  5282 | D:5      | Found a runed translucent gate.
  6151 | D:6      | Offered knowledge of Ignite Poison by Vehumet.
  6703 | D:6      | Reached XP level 9. HP: 65/65 MP: 14/18
  7034 | D:6      | Reached *** piety under Vehumet
  7288 | D:7      | Acquired a staff of conjuration
  7346 | D:7      | Reached skill level 8 in Conjurations
  8072 | D:8      | Noticed a death yak
  8072 | D:8      | Noticed a death yak
  8078 | D:8      | Learned a level 3 spell: Ignite Poison
  8083 | D:8      | Found a staircase to the Lair.
  8087 | D:8      | Noticed a death yak
  8133 | D:7      | Slain by a death yak

Illustrated notes

Levels and vault maps discovered:
D:1:      wander_arrival_estate, layout_loops_corners,
          nicolae_ecumenical_lake_church
D:2:      layout_basic, basic_altar, serial_shops, shop,
          kennysheep_generic_room_4
D:3:      layout_rooms, amcnicky_altar_gilded, serial_park_tiny_pond,
          uniq_jessica, uniq_crazy_yiuf_cottage, uniq_ijyb
D:4:      layout_basic, temple_hall, enter_ossuary_4
D:5:      layout_basic, slow_altar_1, cheibrodos_ashenzari_chains,
          gammafunk_ghost_nasty_kobolds, uniq_menkaure
D:6:      layout_gridville
D:7:      layout_cave_pools
D:8:      layout_basic, marbit_many_paths, kennysheep_little_box,
          dpeg_lair_monsters, minmay_unpleasant_kobolds

Skill      XL: |  1  2  3  4  5  6  7  8  9 |
---------------+----------------------------+-----
Spellcasting   | 5 6 |  6.8
Invocations    | 1 2 3 4 |  4.9
Fighting       | 1 2 3 4 |  4.5
Short Blades   | 1 2 3 4 |  4.5
Long Blades    | 1 2 3 4 |  4.5
Axes           | 1 2 3 4 |  4.5
Maces & Flails | 1 2 3 4 |  4.5
Polearms       | 1 2 3 4 |  4.5
Staves         | 1 2 3 4 |  4.5
Ranged Weapons | 1 2 3 4 |  4.5
Throwing       | 1 2 3 4 |  4.5
Armour         | 1 2 3 4 |  4.5
Shields        | 1 2 3 4 |  4.5
Unarmed Combat | 1 2 3 4 |  4.5
Evocations     | 1 2 3 4 |  4.5
Hexes          | 1 2 3 |  3.7
Summonings     | 1 2 3 |  3.7
Necromancy     | 1 2 3 |  3.7
Translocations | 1 2 3 |  3.7
Transmutations | 1 2 3 |  3.7
Fire Magic     | 1 2 3 |  3.7
Ice Magic      | 1 2 3 |  3.7
Air Magic      | 1 2 3 |  3.7
Earth Magic    | 1 2 3 |  3.7
Poison Magic   | 1 2 3 |  3.7
Dodging        | 5 6 |  6.5
Stealth        | 5 6 |  6.2
Conjurations   | 8 |  8.1

Action                     |  1- 3 |  4- 6 |  7- 9 || total
---------------------------+-------+-------+-------++-------
  Melee: Trident           |       |     6 |       ||     6
         Staff             |       |    14 |    13 ||    27
         Punch             |       |     3 |       ||     3
         Bite              |       |     7 |     2 ||     9
         Dagger            |       |    49 |     3 ||    52
         Spear             |       |       |     2 ||     2
   Fire: Sling             |    67 |    29 |       ||    96
  Throw: Dart              |       |       |     1 ||     1
   Cast: Magic Dart        |    10 |     4 |     4 ||    18
         Searing Ray       |    11 |    10 |    12 ||    33
         Foxfire           |       |    90 |   151 ||   241
         Iskenderun's Myst |       |       |    10 ||    10
    Use: Scroll            |       |     9 |     5 ||    14
         Potion            |       |     1 |     1 ||     2
   Stab: Sleeping          |       |       |     1 ||     1
 Armour: Robe              |       |    15 |     6 ||    21
  Dodge: Dodged            |     9 |    51 |    67 ||   127
  Block: Other             |       |       |     3 ||     3

Table legend: (Time is in decaauts)
 A = Elapsed time spent in this place.
 B = Non-inter-level travel time spent in this place.
 C = Inter-level travel time spent in this place.
 D = Time resting spent in this place.
 E = Time spent auto-exploring this place.
 F = Levels seen in this place.
 G = Mean time per level.
                   A        B        C        D        E       F      G
               +--------+--------+--------+--------+--------+-----+--------+
         Total |   8158 |   7878 |    280 |   1407 |   5056 |   9 |  906.4 |
       Dungeon |   7493 |   7213 |    280 |   1206 |   4906 |   8 |  936.6 |
       Ossuary |    665 |    665 |      0 |    201 |    150 |   1 |  665.0 |
               +--------+--------+--------+--------+--------+-----+--------+

Top non-repeatable levels by time:
     D:6: 1348 daAuts
     D:5: 1231 daAuts
     D:1: 1146 daAuts
     D:2: 1003 daAuts
     D:3: 907 daAuts
     D:4: 878 daAuts
     D:7: 721 daAuts
 Ossuary: 665 daAuts
     D:8: 255 daAuts
